Map: Submarine LE

Players

Solar - Winner!

  • Race: Zerg Zerg
  • League: Master
  • Spawn Location: 5:00

ByuN

  • Race: Terran Terran
  • League: Master
  • Spawn Location: 11:00

Event: Cheeseadelphia Winter Championship 2021

VOD

Have the link to the VOD?

Description

Time

  • Played on: Jan. 24, 2021, 5:16 p.m.
  • Length: 8:59

All games in this series

Show
View Real Time Build Order
Export as new Build Order

Solar Zerg - Winner!

Build Orders: Hatch First, Muta Ling Bane 

Get SALT Encoding   

  12  0:00  Drone  
  13  0:12  Overlord  
  13  0:16  Drone  
  14  0:30  Drone x2  
  16  0:47  Hatchery  
  15  0:51  Drone  
  15  0:54  Drone  
  17  0:57  Drone  
  18  1:09  Extractor  
  17  1:13  Spawning Pool  
  17  1:16  Drone  
  17  1:19  Drone  
  18  1:27  Drone  
  19  1:39  Drone  
  20  1:52  Overlord  
  20  1:59  Queen x2  
  20  2:00  Zergling x4  
  26  2:09  Drone  
  26  2:10  Drone  
  28  2:23  Zergling x2  
  28  2:24  Drone  
  30  2:34  Hatchery  
  30  2:36  Spore Crawler  
  28  2:37  Drone  
  28  2:43  Queen  
  32  2:45  Metabolic Boost  
  32  2:50  Overlord  
  32  2:53  Drone  
  32  2:56  Drone  
  32  2:57  Drone  
  35  3:00  Drone  
  36  3:10  Drone x4  
  40  3:13  Drone  
  40  3:19  Queen  
  43  3:22  Overlord  
  43  3:24  Drone  
  44  3:29  Overlord  
  43  3:41  Drone x2  
  43  3:42  Drone x4  
  43  3:47  Zergling x4  
  51  3:48  Queen  
  51  3:51  Zergling x2  
  51  3:52  Drone  
  51  3:53  Drone  
  56  3:58  Overlord  
  56  4:01  Queen  
  58  4:06  Lair  
  58  4:09  Drone  
  59  4:13  Drone x3  
  59  4:16  Overlord  
  62  4:19  Drone x2  
  62  4:21  Spore Crawler  
  62  4:24  Spore Crawler  
  62  4:27  Drone  
  62  4:29  Baneling Nest  
  62  4:30  Extractor x2, Drone  
  61  4:31  Zergling x2  
  61  4:32  Drone  
  61  4:35  Zergling x2  
  61  4:37  Spore Crawler  
  61  4:38  Drone  
  64  4:42  Drone x2  
  64  4:43  Drone  
  64  4:44  Drone  
  68  4:46  Drone x2  
  68  4:48  Drone  
  68  4:50  Zergling x2  
  72  4:52  Overlord  
  72  4:55  Drone  
  72  4:57  Overlord  
  72  4:58  Overlord  
  73  5:02  Overlord  
  73  5:03  Overlord  
  73  5:05  Overseer  
  73  5:12  Extractor  
  72  5:14  Extractor  
  72  5:15  Drone x7  
  72  5:18  Extractor  
  72  5:19  Zergling x4  
  72  5:21  Drone x3  
  80  5:27  Overlord  
  80  5:28  Drone  
  80  5:29  Spire  
  80  5:30  Drone  
  80  5:31  Drone x2  
  82  5:37  Drone  
  82  5:39  Drone x2  
  82  5:41  Drone  
  84  5:47  Drone  
  84  5:49  Drone  
  79  5:50  Drone  
  79  5:51  Drone  
  79  5:52  Drone x2  
  82  5:59  Overlord  
  82  6:00  Overlord  
  82  6:01  Centrifical Hooks  
  82  6:03  Zergling x6  
  85  6:07  Drone  
  85  6:10  Overlord  
  86  6:19  Zergling x6  
  86  6:22  Overlord  
  89  6:30  Hatchery  
  88  6:39  Zergling x4  
  92  6:40  Zergling x4, Mutalisk x6  
  92  6:43  Mutalisk  
  106  6:47  Mutalisk  
  106  6:51  Zergling x6  
  106  6:52  Baneling  
  106  6:53  Baneling x2  
  111  6:57  Mutalisk  
  111  7:01  Baneling x2  
  111  7:02  Zergling x8  
  111  7:04  Overlord  
  111  7:06  Baneling x3  
  111  7:07  Zergling x2  
  111  7:08  Zergling x4  
  118  7:11  Overlord  
  118  7:12  Zergling x2  
  119  7:17  Mutalisk  
  119  7:20  Zergling x4  
  123  7:24  Zergling x6  
  123  7:29  Mutalisk x2  
  115  7:30  Mutalisk  
  115  7:31  Zergling x8  
  115  7:32  Zergling x2  
  126  7:38  Mutalisk  
  126  7:42  Zergling x6  
  130  7:46  Baneling x6  
  130  7:48  Zergling x8  
  130  7:49  Baneling x2  
  130  7:50  Baneling  
  133  7:54  Overlord  
  133  7:55  Zergling x4  
  133  7:56  Baneling x4  
  135  8:00  Baneling x2  
  135  8:01  Zergling x2  
  135  8:05  Zergling x6  
  139  8:07  Baneling x5  
  139  8:08  Zergling x4  
  139  8:09  Zergling x2  
  142  8:13  Zergling x4, Baneling x4  
  142  8:14  Baneling  
  142  8:16  Zergling x2  
  142  8:18  Zergling x4  
  142  8:19  Zergling x2  
  142  8:21  Zergling x2  
  142  8:23  Zergling x2  
  142  8:26  Mutalisk x2  
  136  8:28  Zergling x2  
  136  8:33  Mutalisk  
  136  8:35  Zergling x8  
  133  8:41  Zergling x10  
Show
View Real Time Build Order
Export as new Build Order

ByuN Terran 

Build Orders: Reaper Expand, Hellion Banshee 

Get SALT Encoding   

  12  0:00  SCV  
  13  0:12  SCV  
  14  0:16  Supply Depot  
  14  0:24  SCV  
  15  0:38  SCV  
  15  0:39  Barracks  
  15  0:42  Refinery  
  16  0:50  SCV  
  17  1:02  SCV  
  18  1:14  SCV  
  19  1:26  Orbital Command, Reaper  
  20  1:38  Command Center  
  20  1:48  Supply Depot  
  20  1:52  SCV  
  21  1:58  Marine  
  22  2:04  Factory  
  22  2:07  SCV  
  23  2:13  Refinery  
  23  2:19  Barracks Reactor, SCV  
  24  2:31  SCV  
  25  2:43  SCV  
  26  2:49  Starport  
  26  2:50  Orbital Command  
  26  2:56  SCV  
  26  2:58  Hellion x2  
  30  3:03  Barracks Tech Lab  
  30  3:08  SCV  
  31  3:19  Hellion, SCV  
  36  3:20  Hellion, SCV  
  36  3:24  Supply Depot  
  37  3:31  SCV  
  37  3:32  Cloaking Field, SCV  
  39  3:35  Banshee  
  39  3:38  Marine  
  43  3:44  Hellion  
  43  3:46  Hellion  
  47  3:49  SCV x2  
  47  3:54  Supply Depot  
  49  3:57  Barracks Tech Lab  
  49  4:01  SCV x2  
  53  4:13  SCV  
  53  4:16  SCV  
  55  4:18  Banshee  
  55  4:19  Command Center  
  55  4:22  Stimpack  
  56  4:28  Supply Depot  
  56  4:30  Marine  
  58  4:31  Factory Reactor  
  58  4:35  SCV x2  
  59  4:46  Barracks  
  59  4:47  Barracks, SCV x2  
  59  4:48  Marine  
  62  4:59  Engineering Bay x2, SCV x2  
  64  5:05  Refinery  
  64  5:06  Marine  
  65  5:08  Refinery  
  65  5:09  Starport Reactor  
  65  5:11  SCV x2  
  65  5:23  SCV x2  
  65  5:24  Marine  
  65  5:28  Terran Infantry Armor Level 1, Terran Infantry Weapons Level 1  
  68  5:34  Siege Tank  
  71  5:35  SCV x2  
  71  5:36  Orbital Command  
  71  5:41  Marine  
  71  5:42  Marine x4  
  72  5:56  Medivac  
  72  5:57  Medivac  
  76  5:59  Marine x4  
  76  6:00  Marine  
  76  6:01  Supply Depot  
  81  6:06  Siege Tank  
  84  6:13  Orbital Command, SCV  
  84  6:15  Armory  
  84  6:16  Barracks  
  85  6:21  Combat Shield  
  85  6:23  Supply Depot, SCV, Marine x3  
  85  6:24  Marine  
  85  6:25  Marine  
  91  6:29  Supply Depot  
  92  6:39  Medivac  
  93  6:42  Barracks  
  93  6:44  SCV, Marine x3  
  93  6:45  SCV x2, Marine x2  
  99  6:51  Supply Depot  
  99  6:52  Supply Depot  
  99  6:56  SCV  
  99  6:57  SCV  
  101  7:02  Marine x5  
  101  7:07  Supply Depot  
  101  7:08  SCV x2  
  107  7:09  SCV  
  107  7:11  Barracks Reactor  
  107  7:15  Medivac  
  111  7:19  Missile Turret, Marine  
  111  7:20  SCV x2, Marine x4  
  118  7:27  SCV  
  104  7:32  SCV x2  
  104  7:36  Barracks Reactor  
  103  7:37  Marine  
  103  7:38  Marine x2  
  103  7:39  SCV  
  103  7:41  Marine x2  
  109  7:45  Supply Depot  
  109  7:47  Missile Turret  
  109  7:52  Siege Tank  
  109  7:55  Marine x3  
  109  7:56  Marine x2  
  117  8:07  SCV x2  
  117  8:08  Supply Depot  
  117  8:10  Factory, Refinery  
  94  8:27  Marine x4  
  94  8:28  Marine  
  94  8:30  SCV x2  
  94  8:33  Marine x3  
  95  8:34  Marine  
  95  8:39  SCV  
  80  8:42  SCV x2  
Tags
 
Add a new tag
Caveats
  • Supply blocks, unpowered buildings, or Contaminate may cause inaccurate times.
  • Supply counts are checked every 10 seconds.